 Dungeon Crawl Stone Soup version 0.19.1 (webtiles) character file.

153 omegacute the Cudgeler (level 5, -2/54 HPs)
             Began as an Ogre Berserker on Dec 6, 2016.
             Was a Believer of Trog.
             Slain by a worm (6 damage)
             ... on level 3 of the Dungeon.
             The game lasted 00:06:26 (2621 turns).

omegacute the Cudgeler (Ogre Berserker)             Turns: 2621, Time: 00:06:27

Health: -2/54      AC:  3    Str: 23    XL:     5   Next: 35%
Magic:  5/5        EV: 10    Int:  6    God:    Trog [**....]
Gold:   145        SH:  0    Dex:  9    Spells: 0 memorised, 4 levels left

rFire  . . .     SeeInvis .     a - +0 mace
rCold  . . .     Gourm    .     b - +0 animal skin
rNeg   . . .     Faith    .     (no shield)
rPois  .         Spirit   .     (helmet restricted)
rElec  .         Reflect  .     (no cloak)
rCorr  .         Harm     .     (gloves unavailable)
MR     ++...                    (boots unavailable)
Stlth  +.........               (no amulet)
                                (no ring)
                                (no ring)

@: lethally poisoned (-2 -> -2), exhausted, regenerating, slowed, very slow
A: unfitting armour, tough skin 1
a: Berserk, Trog's Hand, Burn Spellbooks, Renounce Religion


You were on level 3 of the Dungeon.
You worshipped Trog.
Trog was pleased with you.
You were very hungry.

You visited 1 branch of the dungeon, and saw 3 of its levels.

You collected 145 gold pieces.

Inventory:

Hand Weapons
 a - a +0 mace (weapon)
Armour
 b - a +0 animal skin (worn)
Wands
 q - a wand of paralysis (6/24)
Scrolls
 e - 2 scrolls of recharging {unknown}
 f - 2 scrolls of identify {unknown}
 h - 2 scrolls of magic mapping {unknown}
 k - 2 scrolls of remove curse {unknown}
 m - a scroll of noise {unknown}
 n - a scroll of amnesia {unknown}
 o - a scroll of fog {unknown}
 r - a scroll of immolation {unknown}
Potions
 g - 2 potions of mutation {unknown}
 i - 4 potions of curing {unknown}
 l - a potion of agility {unknown}
 p - a potion of degeneration {unknown}
Comestibles
 c - a bread ration
 d - 7 chunks of flesh
 j - a beef jerky


   Skills:
 - Level 4.0 Fighting
 + Level 7.7 Maces & Flails
 - Level 2.6 Dodging


You had 4 spell levels left.
You didn't know any spells.

Dungeon Overview and Level Annotations

Branches:
Dungeon (3/15)

Altars:
Ashenzari
Okawaru


Innate Abilities, Weirdness & Mutations

You are too large for most types of armour.
You have tough skin. (AC +1)


Message History

The adder poisons you!
You take 2 damage, and have 7/54 hp.
You sock the adder!
You kill the adder!
Trog accepts your kill.
You feel sick. The gnoll hits you but does no damage.
You sock the gnoll!
The gnoll is severely wounded.
You feel sick. The gnoll hits you with a flail.
* * * LOW HITPOINT WARNING * * *
You take 4 damage, and have 3/54 hp.
You sock the gnoll!
You kill the gnoll!
Trog accepts your kill.
You feel sick.
You hit the worm.
The worm is moderately wounded.
You feel the effects of Trog's Hand fading.
You feel sick. The worm bites you.
You die...

#. #. ## +# ...
.... ##♣♣♣♣♣♣##
..... #
#.....@w)#......
####
...♣♣♣♣♣♣)'......
+...
#.....##......
#### ##.##..#
..... # #......#
.... #.###..# ...
#.###..# +#
#.###.## #..#..#
.#


You could see a worm.

Vanquished Creatures
  4 gnolls (D:3)
  4 adders
  A dart slug (D:2)
  A worm (D:2)
  4 leopard geckos (D:2)
  4 ball pythons
  8 bats
  A giant cockroach (D:1)
  11 goblins
  9 hobgoblins
  5 jackals
  2 quokkas (D:3)
  3 frilled lizards
  5 kobolds
  6 rats
68 creatures vanquished.

Notes
Turn   | Place    | Note
-------+----------+-------------------------------------------
     0 | D:1      | omegacute the Ogre Berserker began the quest for the Orb.
     0 | D:1      | Reached XP level 1. HP: 24/24 MP: 1/1
   227 | D:1      | Reached XP level 2. HP: 29/32 MP: 2/2
   392 | D:1      | Reached skill level 5 in Maces & Flails
   706 | D:1      | Reached XP level 3. HP: 34/39 MP: 3/3
   934 | D:2      | Found a faded altar of an unknown god.
  1308 | D:2      | Reached skill level 6 in Maces & Flails
  1311 | D:2      | Reached ** piety under Trog
  1728 | D:2      | Reached XP level 4. HP: 45/48 MP: 4/4
  2114 | D:3      | Found an iron altar of Okawaru.
  2407 | D:3      | Reached skill level 7 in Maces & Flails
  2568 | D:3      | Found a shattered altar of Ashenzari.
  2604 | D:3      | Reached XP level 5. HP: 45/54 MP: 5/5
  2621 | D:3      | Slain by a worm

Skill      XL: |  1  2  3  4 |
---------------+-------------+-----
Maces & Flails | 5 6 7 |  7.7
Fighting       | |  4.0
Dodging        | |  2.6

Action                   |  1- 3 |  4- 6 || total
-------------------------+-------+-------++-------
Melee: Mace              |   136 |    95 ||   231
Invok: Berserk           |     1 |     1 ||     2
       Trog's Hand       |       |     1 ||     1
  Eat: Chunk             |     4 |     3 ||     7
Armor: Animal skin       |    25 |    47 ||    72
Dodge: Dodged            |    67 |    67 ||   134
